 Dungeon Crawl Stone Soup version 0.29.0-13-gc9e81de378 (webtiles) character file.

Game seed: 2151520367356815423

346095 DocSulfur the Warrior (level 23, -13/178 HPs)
             Began as a Djinni Hunter on Sept 9, 2022.
             Was the Champion of Lugonu.
             Mangled by a spriggan defender
             ... wielding a +3 rapier of speed
              (30 damage)
             ... on level 3 of the Depths on Sept 10, 2022.
             The game lasted 06:11:00 (53853 turns).

DocSulfur the Warrior (Djinni Hunter)              Turns: 53853, Time: 06:11:01

Health: -13/178    AC: 12    Str: 10    XL:     23   Next: 12%
Gold:   1533       EV: 26    Int: 21    God:    Lugonu [******] SH:  0 Dex: 32

rFire   + + +      SeeInvis +   e - +9 arbalest (vorpal)
rCold   x . .      Faith    .   (shield currently unavailable)
rNeg    + + .      Spirit   .   k - +3 leather armour of Starshine {+Inv rElec rN++ MP+9}
rPois   ∞          Reflect  .   Y - +1 helmet
rElec   +          Harm     .   m - +1 cloak
rCorr   .          Rampage  .   U - +0 pair of gloves of the Sun {Fly rF+ Int+6 Stlth-}
Will    ++...                   (boots unavailable)
Stlth   +.........              I - amulet of regeneration
HPRegen 1.19/turn               p - ring of Teyhopu Fior {rElec Dex+2 SInv}
MPRegen 0.00/turn               E - +6 ring of dexterity

@: flying
A: sickness immunity, fire resistance 2, cold vulnerability 1, float, innate
caster, HP casting, extra vitality 1, subdued magic 1
}: 2/15 runes: serpentine, barnacled
a: Renounce Religion, Evoke Invisibility, Depart the Abyss, Bend Space, Banish,
Corrupt, Enter the Abyss, Brand Weapon With Distortion


You were on level 3 of the Depths.
You worshipped Lugonu.
Lugonu was exalted by your worship.
You visited 10 branches of the dungeon, and saw 41 of its levels.
You also visited: Bailey and Ice Cave.

You collected 4555 gold pieces.
You spent 3022 gold pieces at shops.

Inventory:

Hand Weapons
 e - a +9 vorpal arbalest (weapon)
 j - the +8 autumn katana {vorpal, manifold assault}
   (You took it off a merfolk impaler on level 4 of the Shoals)

   It sometimes launches melee attacks against multiple visible enemies.
 l - the +6 arbalest of Veosestomae {venom, rC+ Str-3 Int+4}
   (You bought it in a shop on level 4 of the Vaults)

   Any ammunition fired from it poisons the flesh of those it strikes.
   Str:       It affects your strength (-3).
   Int:       It affects your intelligence (+4).
   rC:        It protects you from cold.
 x - a +2 arbalest of flaming
 P - a +2 arbalest of freezing
Missiles
 a - 8 boomerangs of dispersal
 b - 4 throwing nets
 R - 6 curare-tipped darts
 X - 6 silver javelins
Armour
 i - +0 ice dragon scales
 k - the +3 leather armour of Starshine (worn) {+Inv rElec rN++ MP+9}
   (You found it on level 1 of the Lair of Beasts)

   rElec:     It insulates you from electricity.
   rN:        It greatly protects you from negative energy.
   MP:        It affects your magic capacity (+9).
   +Inv:      It lets you turn invisible.
 m - a +1 cloak (worn)
 U - the +0 pair of gloves of the Sun (worn) {Fly rF+ Int+6 Stlth-}
   (You took it off Nikola on level 4 of the Snake Pit)

   Int:       It affects your intelligence (+6).
   rF:        It protects you from fire.
   Fly:       It grants you flight.
   Stlth:     It makes you less stealthy.
 Y - a +1 helmet (worn)
Jewellery
 c - a +6 ring of intelligence
 p - the ring of Teyhopu Fior (left hand) {rElec Dex+2 SInv}
   (You took it off a fire giant on level 2 of the Depths)

   [ring of see invisible]

   Dex:       It affects your dexterity (+2).
   rElec:     It insulates you from electricity.
   SInv:      It lets you see invisible.
 y - an amulet of reflection
 E - a +6 ring of dexterity (right hand)
 H - a ring of see invisible
 I - an amulet of regeneration (around neck)
 O - a +4 ring of evasion
 S - a ring of willpower
 V - a ring of ice
Wands
 n - a wand of acid (7)
 L - a wand of digging (3)
 Q - a wand of mindburst (7)
Scrolls
 d - a scroll of blinking
 f - 5 scrolls of immolation
 g - a scroll of summoning
 h - 6 scrolls of enchant weapon
 o - 6 scrolls of teleportation
 q - a scroll of brand weapon
 w - 2 scrolls of poison
 C - 4 scrolls of silence
 F - 5 scrolls of magic mapping
 G - 11 scrolls of butterflies
 M - 10 scrolls of vulnerability
Potions
 r - a potion of ambrosia
 s - 5 potions of might
 t - 20 potions of curing
 u - 8 potions of cancellation
 v - 6 potions of haste
 z - 2 potions of invisibility
 B - 6 potions of attraction
 D - 7 potions of mutation
 J - 7 potions of brilliance
 N - 10 potions of lignification
 T - 6 potions of heal wounds
 W - 2 potions of resistance
Miscellaneous
 Z - a phial of floods


   Skills:
 + Level 19.1 Fighting
 - Level 18.0 Ranged Weapons
 - Level 3.0 Throwing
 * Level 6.3 Armour
 - Level 12.5 Dodging
 - Level 0.7 Stealth
 + Level 17.3 Spellcasting
 * Level 13.0 Invocations
 - Level 6.0 Evocations


You had 3 spell levels left.
You knew the following spells:

 Your Spells              Type           Power      Damage    Failure   Level
a - Malign Gateway        Summ/Tloc      31%        N/A       1%          7
b - Summon Mana Viper     Hex/Summ       63%        N/A       1%          5
c - Summon Cactus Giant   Summ           31%        N/A       1%          6
d - Leda's Liquefaction   Hex/Erth       31%        N/A       0%          4
e - Summon Ice Beast      Ice/Summ       63%        N/A       0%          4
f - Ensorcelled Hibernat  Hex/Ice        100%       N/A       0%          2
g - Stone Arrow           Conj/Erth      100%       3d13      0%          3
h - Iron Shot             Conj/Erth      31%        9d6       1%          6
i - Freeze                Ice            100%       1d11      0%          1
j - Haunt                 Necr/Summ      31%        N/A       1%          7
k - Disjunction           Tloc           31%        N/A       17%         8
Your spell library was empty.

Dungeon Overview and Level Annotations

Branches:
Dungeon (15/15)            Temple (1/1) D:5            Lair (5/5) D:11
 Shoals (4/4) Lair:2        Snake (4/4) Lair:2        Slime (0/5) Lair:4
    Orc (2/2) D:12            Elf (1/3) Orc:2        Vaults (4/5) D:14
  Crypt (1/3) Vaults:3     Depths (4/4) D:15         Bailey (visited)
  IceCv (visited)
    Zot: Depths:4

Altars:
Ashenzari
Cheibriados
Dithmenos
Elyvilon
Fedhas
Gozag
Hepliaklqana
Makhleb
Nemelex Xobeh
Okawaru
Qazlal
Ru
Trog
Uskayaw
Wu Jian
Xom
Yredelemnul
Zin
The Shining One
Jiyva
Lugonu

Shops:
D:4 (   D:8 *   D:9 [[([   D:13 :   Orc:2 !!*!   Shoals:2 :   Snake:1 ::=*
Snake:2 *   Vaults:3 *   Vaults:4 (   Depths:1 ?[(

Portals:
Hell: Depths:1 Depths:2 Depths:3
Abyss: Lair:5 Depths:3
Pandemonium: Depths:2
Ziggurat: Depths:2
Trove: Depths:2 (give 2 scrolls of acquirement)

Annotations:
Snake:4 corrupted
Abyss:1 Louise


Innate Abilities, Weirdness & Mutations

You are immune to sickness and miasma.
You are immune to poison.
Your flesh is very heat resistant. (rF++)
You are vulnerable to cold. (rC-)
You float through the air rather than walking.
You learn spells naturally, not from books.
Your magical power is your life essence.
You have superior vitality. (+4 MHP)
Your spells are a little easier to cast, but a little less powerful.


Message History

* * * LOW HITPOINT WARNING * * *
The spriggan defender hits you with a +3 rapier of speed!
* * * LOW HITPOINT WARNING * * *
Your eldritch tentacle slaps the spriggan defender!
The spriggan defender is engulfed in flames!!
Your eldritch tentacle completely misses the spriggan defender.
The spriggan defender closely misses you.
Your eldritch tentacle completely misses the spriggan defender.
Your eldritch tentacle misses the spriggan defender.
The spriggan defender hits you with a +3 rapier of speed!!
* * * LOW HITPOINT WARNING * * *
Press: ? - help, v - describe, . - travel
Here: a spriggan defender, wielding a +3 rapier of speed, wearing a +0 robe and wearing a +0 buckler (heavily wounded, berserk, ally target)
The floor, spattered with blood.
Blink to where?
Press: ? - help, Dir - move target, p - spriggan defender
As you read the scroll of blinking, it crumbles to dust.
The spriggan defender blocks your eldritch tentacle's attack. x2
The spriggan defender hits your eldritch tentacle with a +3 rapier of speed!!! x2
The spriggan defender hits your eldritch tentacle with a +3 rapier of speed.
Your eldritch tentacle slaps the spriggan defender.
Your eldritch tentacle draws strength from the spriggan defender's injuries!
The spriggan defender blocks your eldritch tentacle's attack.
The spriggan defender hits your eldritch tentacle but does no damage.
The spriggan defender hits your eldritch tentacle with a +3 rapier of speed.
The spriggan defender hits your eldritch tentacle with a +3 rapier of speed!!!
With a roar, the tentacle is hauled back through the portal!
Okay, then.
Aiming: Fastroot
Press: ? - help, Shift-Dir - straight line, f - spriggan defender
Aim: a spriggan defender, wielding a +3 rapier of speed, wearing a +0 robe and wearing a +0 buckler (heavily wounded, berserk)
The roots erupt in riotous growth!
Roots grab the spriggan defender.
The now-empty wand crumbles to dust.
The grasping roots constrict the spriggan defender!
The spriggan defender struggles to escape constriction. x2
The grasping roots constrict the spriggan defender!
The spriggan defender escapes!
The spriggan defender hits you with a +3 rapier of speed!!
You die...

## ####.........
#...#####.....#'#####
#.............'DD.R..
#.............#......
#.........'######....
####.........#≈≈≈≈≈#.##.
.............#≈....#.##.
.............#≈....#.#..
.......@.....#≈....#.#..
........i....######+.#..
....##'##........# ..###
....'...#........# ..##.
. ..#...'........#......
## #...#..............!
#....#.............^.
................##....
............######....


You could see a spriggan defender (berserk).

Vanquished Creatures
  Nikola (Snake:4)
  2 krakens
  3 tengu reavers
  2 nagarajas (Snake:4)
  Donald (Snake:4)
  2 fire giants
  5 frost giants
  5 vault wardens
  4 orc warlords
  A curse skull (Crypt:1)
  2 very ugly things (Depths:1)
  5 ironbound preservers
  6 ironbound thunderhulks
  7 stone giants
  Azrael (D:15)
  A deep elf annihilator (Vaults:4)
  A spark wasp (Depths:3)
  4 ettins
  Snorg (D:10)
  A green death (Depths:2)
  A merfolk javelineer (Shoals:4)
  4 jiangshi
  4 fire dragons
  9 merfolk impalers
  3 great orbs of eyes (Vaults:4)
  2 yaktaur captains
  2 vault guards (Vaults:4)
  Josephine (D:15)
  A rakshasa (Depths:1)
  4 ice dragons
  9 ironbound frosthearts
  An anaconda (shapeshifter) (Depths:2)
  6 centaur warriors
  5 hydras
  12 naga warriors
  An alligator snapping turtle (Shoals:2)
  12 anacondas
  A boulder beetle (D:15)
  An ogre mage (D:15)
  3 merfolk avatars
  8 two-headed ogres
  2 merfolk aquamancers (Shoals:4)
  An orc high priest (Orc:1)
  3 death yaks
  A deep troll earth mage (Depths:2)
  A vampire mage (Depths:3)
  4 tengu warriors
  A spriggan berserker (Depths:1)
  6 shock serpents
  11 naga sharpshooters
  2 thrashing horrors (Lair:5)
  8 hell knights (Depths:3)
  Nergalle (D:10)
  A deep elf knight (Orc:2)
  3 skeletal warriors (D:15)
  A sixfirhy (Depths:2)
  A fire crab (Lair:5)
  26 deep trolls
  A glowing orange brain (Depths:1)
  2 salamander mystics
  7 naga ritualists
  6 sea snakes
  14 orc knights
  5 deep elf pyromancers
  4 necromancers
  2 deep elf zephyrmancers
  A phantasmal warrior (Snake:4)
  6 lindwurms
  A wizard (Vaults:4)
  2 human zombies (Vaults:3)
  10 harpies
  6 ironbound convokers
  A fire giant zombie (Vaults:3)
  7 mana vipers
  4 orc sorcerers
  A will-o-the-wisp (Lair:4)
  A stone giant zombie (Vaults:3)
  A mana viper (shapeshifter) (Depths:2)
  An oklob plant (Orc:2)
  4 fauns (Shoals:1)
  8 cyclopes
  7 manticores
  9 ugly things
  9 salamanders
  11 vault sentinels
  4 elephants
  9 guardian serpents
  Maurice (D:10)
  An ice statue (IceCv)
  A centaur zombie (D:15)
  3 merfolk sirens
  25 black mambas
  11 naga magi
  Joseph (D:10)
  2 water nymphs
  A black mamba (shapeshifter) (D:14)
  A gargoyle (D:10)
  5 cane toads
  Maggie (D:6)
  2 centaur skeletons (D:15)
  12 yaktaurs
  3 kobold demonologists (D:10)
  A tengu conjurer (Depths:1)
  2 freezing wraiths (IceCv)
  A redback zombie (D:15)
  5 komodo dragons
  An ancient zyme (Lair:5)
  12 ice devils (IceCv)
  2 anaconda simulacra (IceCv)
  14 merfolk
  4 wind drakes
  4 polar bears
  12 trolls
  12 nameless horrors
  5 dream sheep
  A polar bear (shapeshifter) (Lair:5)
  11 slime creatures
  15 blink frogs
  7 snapping turtles
  3 water elementals
  2 spriggans (Lair:5)
  4 centaur simulacra
  2 ynoxinuls (Lair:5)
  A shadow (D:8)
  Eustachio (D:4)
  8 wyverns
  6 wraiths
  4 steam dragons
  26 yaks
  5 basilisks
  12 vampire mosquitoes
  Menkaure (D:4)
  14 wargs
  38 nagas
  4 hydra simulacra (IceCv)
  3 acid dragons
  18 water moccasins
  4 hell hounds
  Duvessa (D:7)
  A floating eye (Depths:1)
  A sky beast (D:7)
  2 large abominations (Lair:5)
  45 orc warriors
  4 ice beasts
  6 black bears
  9 wolves
  5 ogres
  17 centaurs
  Blork the orc (D:5)
  A phantom (D:5)
  8 bullfrogs
  7 kobold brigands
  4 gnoll sergeants
  A necrophage (D:7)
  5 cane toad simulacra
  5 scorpions
  14 wights
  Dowan (D:7)
  2 elephant simulacra (IceCv)
  14 killer bees
  5 howler monkeys
  4 electric eels
  10 small abominations (Lair:5)
  2 hounds
  Crazy Yiuf (D:3)
  3 jellies
  24 orc priests
  6 gnoll boudas
  An iguana (D:5)
  Terence (D:2)
  20 orc wizards
  2 polar bear simulacra (IceCv)
  7 wolf simulacra
  Robin (D:3)
  18 gnolls
  7 river rats (Lair:1)
  5 adders
  A naga simulacrum (IceCv)
  A shadow imp (D:5)
  6 white imps
  2 ufetubi
  3 worms
  4 dart slugs
  63 orcs
  3 ball pythons
  4 bats
  7 endoplasms
  3 giant cockroaches
  12 goblins
  9 hobgoblins
  3 jackals (D:1)
  3 quokkas
  2 frilled lizards (D:1)
  15 kobolds
  3 rats
  4 tentacles
1116 creatures vanquished.

Vanquished Creatures (collateral kills)
  A bone dragon (Vaults:3)
  2 liches
  Mlioglotl (Snake:4)
  A titan (Shoals:1)
  An eldritch tentacle (Vaults:4)
  Gastronok (D:10)
  2 sphinxes
  2 nagarajas (Snake:4)
  A fire giant (Depths:2)
  Aizul (Snake:4)
  3 vault wardens (Vaults:4)
  2 frost giants
  An orc warlord (Vaults:2)
  An ironbound thunderhulk (Vaults:2)
  11 ironbound preservers
  3 very ugly things (Depths:1)
  Nessos (D:13)
  4 stone giants
  A spark wasp (Depths:3)
  2 entropy weavers (Vaults:4)
  5 merfolk impalers (Shoals:4)
  A jiangshi (Depths:2)
  2 ettins
  2 yaktaur captains
  The ghost of stringoo the Spear-Bearer, a journeyman OpGl of Gozag (D:11)
  A rakshasa (Depths:1)
  An ice dragon (Depths:1)
  5 vault guards
  A spriggan air mage (Depths:1)
  A hydra (Lair:4)
  An ogre mage (D:10)
  3 ironbound frosthearts
  An anaconda (Snake:1)
  A merfolk avatar (Shoals:4)
  A two-headed ogre (D:15)
  8 naga warriors
  11 death yaks (Lair:5)
  2 centaur warriors
  3 deep troll earth magi
  2 dancing weapons (Elf:1)
  2 vampire magi
  A thrashing horror (Lair:5)
  A large abomination (Lair:5)
  A tengu warrior (Depths:2)
  4 hell knights (Depths:3)
  2 iron trolls
  24 deep trolls
  2 sea snakes
  The ghost of leavemydog the Thaumaturge, a novice DECj of Vehumet (D:9)
  A glowing orange brain (shapeshifter) (Lair:5)
  2 swamp dragons (Lair:4)
  10 harpies
  2 naga ritualists
  A glowing orange brain (Depths:1)
  7 lindwurms
  4 wizards
  7 ironbound convokers
  2 orc knights
  4 mana vipers
  2 phantasmal warriors (Snake:4)
  9 ugly things
  A shadow dragon skeleton (Depths:1)
  A stone giant zombie (Vaults:3)
  2 cyclopes
  A frost giant zombie (Depths:1)
  4 necromancers
  2 orc sorcerers
  A manticore (Lair:5)
  8 slime creatures
  5 vault sentinels
  2 nameless horrors
  2 salamanders
  12 elephants
  3 naga magi
  A water nymph (Shoals:4)
  7 black mambas
  A titan simulacrum (Depths:1)
  A smoke demon (Lair:5)
  2 unseen horrors
  4 cane toads
  10 yaktaurs
  An unseen horror (shapeshifter) (Lair:5)
  4 komodo dragons
  A yaktaur zombie (Vaults:3)
  An orange demon (Depths:2)
  A rime drake (Lair:5)
  2 trolls
  A tengu conjurer (D:15)
  4 merfolk (Shoals:4)
  A wind drake (shapeshifter) (Lair:5)
  A wind drake (Shoals:4)
  2 polar bears
  15 dream sheep
  10 blink frogs
  3 snapping turtles
  3 spriggans (D:9)
  A vampire (D:12)
  2 dire elephant simulacra (IceCv)
  2 wyverns
  31 yaks
  A fire elemental (D:15)
  A chaos spawn (Depths:2)
  A death yak simulacrum (IceCv)
  A redback (Vaults:4)
  A human simulacrum (Vaults:3)
  3 wargs
  A vampire mosquito (Lair:4)
  2 water moccasins (Lair:5)
  8 nagas
  4 hell hounds
  A human skeleton (Depths:1)
  8 orc warriors
  3 small abominations (Lair:5)
  A centaur (Orc:2)
  A bullfrog (Lair:4)
  A human zombie (Vaults:3)
  A cane toad simulacrum (IceCv)
  A two-headed ogre simulacrum (IceCv)
  5 killer bees
  3 elephant simulacra (IceCv)
  3 howler monkeys (D:10)
  An electric eel (Snake:2)
  2 jellies (Lair:4)
  2 orc priests
  A gnoll bouda (D:10)
  2 hell rats (Lair:1)
  4 orc wizards
  2 troll simulacra (IceCv)
  2 wolf simulacra (IceCv)
  5 river rats (Lair:1)
  12 orcs
424 creatures vanquished.

Vanquished Creatures (others)
  Vashnia (Snake:4)
  Saint Roka (Snake:4)
  44 eldritch tentacles
  A salamander tyrant (Snake:4)
  An ironbound frostheart (Vaults:3)
  4 naga warriors (Snake:4)
  A salamander mystic (Snake:4)
  A naga ritualist (Snake:4)
  A naga mage (Snake:4)
  An ice devil (Depths:2)
  3 nagas (Snake:4)
  3 orc warriors (Snake:4)
  An ogre (Orc:2)
  A human skeleton (Vaults:3)
  An orc wizard (D:6)
  7 orcs
  2 bushes (Lair:5)
  A butterfly (D:6)
  16 foxfires (Lair:4)
  42 fungi
  104 plants
  2 starspawn tentacles (Snake:4)
  42 tentacles
281 creatures vanquished.

Grand Total: 1821 creatures vanquished

Notes
Turn   | Place    | Note
-------+----------+-------------------------------------------
     0 | D:1      | DocSulfur the Djinni Hunter began the quest for the Orb.
     0 | D:1      | Reached XP level 1. HP: 18/18 MP: 0/0
   175 | D:1      | Found a faded altar of an unknown god.
   487 | D:1      | Reached XP level 2. HP: 23/23 MP: 0/0
   613 | D:1      | Reached skill level 1 in Spellcasting
   687 | D:1      | Reached XP level 3. HP: 28/28 MP: 0/0
   687 | D:1      | Learned a level 1 spell: Freeze
   963 | D:2      | Noticed Terence
  1373 | D:2      | Reached XP level 4. HP: 31/33 MP: 0/0
  1738 | D:2      | Reached XP level 5. HP: 38/38 MP: 0/0
  1738 | D:2      | Learned a level 2 spell: Ensorcelled Hibernation
  2316 | D:2      | Killed Terence
  2355 | D:3      | Found a shimmering altar of Xom.
  2371 | D:3      | Found a runed translucent door.
  2372 | D:3      | Noticed Crazy Yiuf
  2401 | D:3      | Reached XP level 6. HP: 40/43 MP: 0/0
  2427 | D:3      | Noticed Robin
  2852 | D:3      | Killed Robin
  3075 | D:3      | Found a broken altar of Ashenzari.
  3501 | D:4      | Found a glowing golden altar of the Shining One.
  3516 | D:4      | Noticed Eustachio
  3757 | D:4      | Found Ahoraorgh's Weapon Shoppe.
  3781 | D:4      | Noticed Menkaure
  3786 | D:4      | Killed Menkaure
  3787 | D:4      | Reached XP level 7. HP: 49/49 MP: 0/0
  3787 | D:4      | Learned a level 3 spell: Stone Arrow
  3823 | D:4      | Found a shadowy altar of Dithmenos.
  4161 | D:4      | Killed Eustachio
  4162 | D:4      | Reached skill level 5 in Ranged Weapons
  4162 | D:4      | Reached skill level 1 in Evocations
  4793 | D:5      | Entered Level 5 of the Dungeon
  4793 | D:5      | Found a basalt altar of Yredelemnul.
  5004 | D:5      | Noticed a steam dragon
  5100 | D:5      | Reached XP level 8. HP: 51/54 MP: 0/0
  5498 | D:5      | Noticed Blork the orc
  5862 | D:5      | Killed Blork the orc
  6002 | D:5      | Reached skill level 3 in Fighting
  6159 | D:5      | Found a staircase to the Ecumenical Temple.
  6221 | Temple   | Entered the Ecumenical Temple
  6264 | Temple   | Became a worshipper of Lugonu the Unformed
  6264 | Temple   | Reached * piety under Lugonu
  6827 | D:6      | Reached skill level 4 in Fighting
  7177 | D:5      | Reached XP level 9. HP: 46/64 MP: 0/0
  7177 | D:5      | Learned a level 4 spell: Leda's Liquefaction
  7234 | D:5      | Reached skill level 5 in Fighting
  7855 | D:5      | Reached skill level 5 in Spellcasting
  7946 | D:5      | Reached skill level 6 in Fighting
  8394 | D:6      | Found a hazy altar of Hepliaklqana.
  8410 | D:6      | Reached ** piety under Lugonu
  8646 | D:3      | Killed Crazy Yiuf
  9439 | D:6      | Reached XP level 10. HP: 65/73 MP: 0/0
  9525 | D:6      | Noticed Maggie
  9539 | D:6      | Killed Maggie
  9694 | D:6      | Found a white marble altar of Elyvilon.
 10028 | D:7      | Found an iron altar of Okawaru.
 10028 | D:7      | Found a sparkling altar of Nemelex Xobeh.
 10287 | D:7      | Reached skill level 1 in Invocations
 10414 | D:7      | Found a bloodstained altar of Trog.
 10471 | D:7      | Noticed Duvessa
 10471 | D:7      | Noticed Dowan
 10803 | D:7      | Killed Duvessa
 10811 | D:7      | Killed Dowan
 11164 | D:8      | Found an opulent altar of Gozag.
 11178 | D:8      | Found Tetuytuc's General Store.
 11182 | D:8      | Noticed a two-headed ogre
 11197 | D:8      | Killed a two-headed ogre
 11236 | D:8      | Noticed a two-headed ogre
 11272 | D:8      | Killed a two-headed ogre
 11810 | D:8      | Reached skill level 7 in Fighting
 11816 | D:8      | Reached XP level 11. HP: 40/79 MP: 0/0
 11816 | D:8      | Learned a level 4 spell: Summon Ice Beast
 12026 | D:8      | Reached *** piety under Lugonu
 12801 | D:8      | Identified the +3 leather armour of Heresy {Rampage Dex+5}
 13162 | D:9      | Found Sineh's Armour Shop.
 13179 | D:9      | Found a runed translucent door.
 13182 | D:9      | Noticed leavemydog's ghost (novice DECj)
 13183 | D:9      | Identified the +3 spear of Gofihaf {distort, Str+2}
 13209 | D:9      | Identified the +0 leather armour "Inicsa" {rElec rN+ rCorr}
 13237 | D:9      | Found a flagged portal.
 13249 | Bailey   | Entered a bailey
 13419 | Bailey   | Noticed an orc knight
 13420 | Bailey   | Noticed an orc knight
 13460 | Bailey   | Killed an orc knight
 13524 | Bailey   | Killed an orc knight
 13820 | D:9      | Reached **** piety under Lugonu
 13858 | D:9      | Found Natre's Weapon Boutique.
 13897 | D:9      | Found Wassad's Armour Emporium.
 13931 | D:9      | Found a glowing silver altar of Zin.
 13931 | D:9      | Noticed an angel
 14002 | D:9      | Reached skill level 5 in Evocations
 14058 | D:9      | Found Ribripucw's Antique Armour Emporium.
 14078 | D:9      | Reached skill level 8 in Fighting
 14356 | D:10     | Entered Level 10 of the Dungeon
 14365 | D:10     | Noticed a two-headed ogre
 14376 | D:10     | Killed a two-headed ogre
 14391 | D:10     | Noticed Gastronok
 14415 | D:10     | Killed Gastronok
 14570 | D:10     | Reached XP level 12. HP: 88/88 MP: 0/0
 14574 | D:10     | Reached skill level 5 in Dodging
 14663 | D:10     | Noticed an ogre mage
 14668 | D:10     | Killed an ogre mage
 14680 | D:10     | Noticed a sixfirhy
 14997 | D:10     | Noticed a two-headed ogre
 15016 | D:10     | Killed a two-headed ogre
 15092 | D:10     | Reached skill level 10 in Dodging
 15119 | D:10     | Reached ***** piety under Lugonu
 15432 | D:10     | Noticed Maurice
 15440 | D:10     | Killed Maurice
 15612 | D:10     | Noticed Snorg
 15612 | D:10     | Noticed Joseph
 15668 | D:10     | Killed Joseph
 15669 | D:10     | Reached skill level 5 in Invocations
 15675 | D:10     | Noticed Nergalle
 15789 | D:10     | Killed Nergalle
 15802 | D:10     | Killed Snorg
 15803 | D:10     | Reached XP level 13. HP: 85/94 MP: 0/0
 15803 | D:10     | Learned a level 5 spell: Summon Mana Viper
 16041 | D:11     | Found a runed translucent gate.
 16041 | D:11     | Found a runed translucent gate.
 16042 | D:11     | Found a runed translucent gate.
 16134 | D:11     | Noticed stringoo's ghost (journeyman OpGl)
 16227 | D:11     | Noticed a six-headed hydra
 16232 | D:11     | Killed a six-headed hydra
 16401 | D:11     | Found a staircase to the Lair.
 16413 | Lair:1   | Entered Level 1 of the Lair of Beasts
 16556 | Lair:1   | Reached skill level 10 in Ranged Weapons
 16574 | Lair:1   | Identified the +3 leather armour of Starshine {+Inv rElec
                  | rN++ MP+9}
 17835 | Lair:2   | Found a staircase to the Snake Pit.
 17969 | Lair:2   | Found a staircase to the Shoals.
 18847 | Lair:3   | Noticed a six-headed hydra
 19356 | Lair:4   | Reached ****** piety under Lugonu
 19516 | Lair:4   | Found a viscous altar of Jiyva.
 19516 | Lair:4   | Found a staircase to the Slime Pits.
 19546 | Lair:4   | Noticed an eight-headed hydra
 19563 | Lair:4   | Reached XP level 14. HP: 77/99 MP: 0/0
 20639 | Lair:5   | Entered Level 5 of the Lair of Beasts
 20771 | Lair:5   | Identified the +0 spear of Urgency {freeze, rC+ Dex+7}
 20879 | Lair:5   | Found a frozen archway.
 20893 | IceCv    | Entered an ice cave
 21027 | IceCv    | HP: 4/99 [three-headed hydra simulacrum (55)]
 21371 | IceCv    | Reached skill level 10 in Spellcasting
 22843 | Lair:5   | Reached XP level 15. HP: 103/104 MP: 0/0
 22843 | Lair:5   | Learned a level 6 spell: Summon Cactus Giant
 23172 | Lair:3   | Reached skill level 10 in Invocations
 24125 | D:12     | Found a staircase to the Orcish Mines.
 24528 | D:13     | Reached skill level 9 in Fighting
 24570 | D:13     | Noticed Nessos
 24777 | D:13     | Identified the +2 pair of boots of the Forest {rF+ Int+4}
 25019 | D:13     | Found Zinogh's Book Shoppe.
 25218 | D:13     | Killed Nessos
 25267 | D:13     | Identified a scroll of acquirement
 25268 | D:13     | Acquired the +1 pair of gloves "Paisovan" {rElec rPois rC-
                  | Int+6}
 25584 | D:14     | Found a glowing golden altar of the Shining One.
 25648 | D:14     | Identified the +0 dagger "Tyrat" {venom, Int+2}
 25730 | D:14     | Reached skill level 10 in Fighting
 25739 | D:14     | Found a gate to the Vaults.
 26482 | D:15     | Entered Level 15 of the Dungeon
 26516 | D:15     | Noticed Azrael
 26685 | D:15     | Killed Azrael
 26907 | D:15     | Found a burning altar of Makhleb.
 26912 | D:15     | Identified the +1 robe of a volcano {Str+3 SInv}
 27010 | D:15     | Noticed Josephine
 27014 | D:15     | Killed Josephine
 27015 | D:15     | Reached skill level 11 in Fighting
 27027 | D:15     | Reached XP level 16. HP: 82/116 MP: 0/0
 27756 | D:15     | Found a staircase to the Depths.
 27940 | D:11     | Killed stringoo's ghost
 28077 | D:9      | Reached skill level 12 in Fighting
 28079 | D:9      | Killed leavemydog's ghost
 28280 | D:8      | Bought a potion of haste for 150 gold pieces
 28280 | D:8      | Bought a scroll of enchant weapon for 112 gold pieces
 28280 | D:8      | Bought a scroll of teleportation for 45 gold pieces
 28388 | Orc:1    | Entered Level 1 of the Orcish Mines
 29194 | Orc:2    | Entered Level 2 of the Orcish Mines
 29355 | Orc:2    | HP: 4/120 [orc warrior/bolt (17)]
 29543 | Orc:2    | Reached skill level 13 in Fighting
 29750 | Orc:2    | Found a staircase to the Elven Halls.
 29944 | Orc:2    | Found Geyddiklae's Assorted Antiques.
 29944 | Orc:2    | Found Uckue's Distillery.
 29944 | Orc:2    | Found Gupe's Distillery.
 29947 | Orc:2    | Found Tiosouf's Distillery.
 29959 | Orc:2    | Bought a potion of cancellation for 96 gold pieces
 29959 | Orc:2    | Bought a potion of haste for 120 gold pieces
 29961 | Orc:2    | Bought a potion of heal wounds for 180 gold pieces
 29962 | Orc:2    | Bought a potion of heal wounds for 75 gold pieces
 29962 | Orc:2    | Bought 2 potions of cancellation for 240 gold pieces
 29964 | Orc:2    | Bought a potion of resistance for 150 gold pieces
 29964 | Orc:2    | Bought 2 potions of heal wounds for 150 gold pieces
 29964 | Orc:2    | Bought a potion of heal wounds for 75 gold pieces
 30481 | Lair:5   | Reached XP level 17. HP: 127/127 MP: 0/0
 30481 | Lair:5   | Learned a level 6 spell: Iron Shot
 30934 | Lair:5   | Reached skill level 14 in Fighting
 31491 | Lair:5   | Found a corrupted altar of Lugonu.
 31491 | Lair:5   | Found a one-way gate to the infinite horrors of the Abyss.
 31528 | Lair:5   | my patron...
 31866 | Snake:1  | Entered Level 1 of the Snake Pit
 32328 | Snake:2  | Found Rytoil's General Store.
 32760 | Snake:1  | Found Cippuabu's Jewellery Shop.
 32761 | Snake:1  | Found Ramaunio's Book Shoppe.
 32761 | Snake:1  | Found Faotibed's Book Shoppe.
 32775 | Snake:1  | Bought a manual of Fighting for 880 gold pieces
 33232 | Snake:1  | Found Loupooh's General Store.
 33359 | Snake:1  | Reached XP level 18. HP: 95/137 MP: 0/0
 33406 | Snake:1  | Bought a scroll of teleportation for 36 gold pieces
 33706 | Snake:2  | Reached skill level 15 in Fighting
 34709 | Snake:3  | Reached skill level 1 in Throwing
 35549 | Snake:4  | Entered Level 4 of the Snake Pit
 35549 | Snake:4  | Noticed Donald
 35608 | Snake:4  | Identified the +0 pair of gloves of the Sun {Fly rF+ Int+6
                  | Stlth-}
 35608 | Snake:4  | Noticed Nikola
 35805 | Snake:4  | Reached skill level 1 in Armour
 36327 | Snake:4  | Noticed Aizul
 36512 | Snake:4  | Killed Donald
 36513 | Snake:4  | Reached skill level 16 in Fighting
 36587 | Snake:4  | Killed Aizul
 36700 | Snake:4  | Killed Nikola
 36722 | Snake:4  | Reached skill level 15 in Ranged Weapons
 36739 | Snake:4  | Identified the ring of But Lowk {EV+4 Str+8}
 36822 | Snake:4  | Reached XP level 19. HP: 146/146 MP: 0/0
 36822 | Snake:4  | Learned a level 7 spell: Malign Gateway
 36855 | Snake:4  | Reached skill level 5 in Armour
 36888 | Snake:4  | Noticed Mlioglotl
 36908 | Snake:4  | Killed Mlioglotl
 37137 | Snake:4  | Noticed Vashnia
 37138 | Snake:4  | Noticed Saint Roka
 37168 | Snake:4  | Reached skill level 17 in Fighting
 37383 | Snake:4  | Corrupted Snake:4
 37383 | Snake:4  | Noticed a dread lich
 37389 | Snake:4  | Killed Vashnia
 37401 | Snake:4  | Killed Saint Roka
 37413 | Snake:4  | Noticed a lich
 37452 | Snake:4  | Got a serpentine rune of Zot
 37790 | Shoals:1 | Entered Level 1 of the Shoals
 38425 | Shoals:1 | Noticed a titan
 38453 | Shoals:1 | Killed a titan
 39215 | Shoals:2 | Found Woutseu's Book Shoppe.
 39272 | Shoals:2 | Reached skill level 18 in Fighting
 39372 | Shoals:2 | You are sucked into a shaft and drop 1 floor!
 40145 | Shoals:4 | Entered Level 4 of the Shoals
 40895 | Shoals:4 | Identified the +6 halberd "Lanen" {vorpal, Int+4}
 41392 | Shoals:4 | Reached XP level 20. HP: 120/158 MP: 0/0
 41981 | Shoals:4 | Got a barnacled rune of Zot
 43218 | Vaults:1 | Entered Level 1 of the Vaults
 45545 | Vaults:2 | Reached XP level 21. HP: 165/165 MP: 0/0
 45545 | Vaults:2 | Learned a level 7 spell: Haunt
 46407 | Vaults:3 | Reached skill level 15 in Spellcasting
 46818 | Vaults:3 | Noticed a bone dragon
 46858 | Vaults:3 | Killed a bone dragon
 47117 | Vaults:3 | Found Coiqan's Assorted Antiques.
 47120 | Vaults:3 | Bought a glowing cloak for 337 gold pieces
 47313 | Vaults:3 | Found a staircase to the Crypt.
 48191 | Vaults:4 | Identified the +12 chain mail "Muzxen" {-Cast rF++ Regen+
                  | Dex+2}
 48306 | Vaults:4 | Found Fesuduat's Antique Weapon Shop.
 48376 | Vaults:4 | Bought an iridescent arbalest for 313 gold pieces
 48376 | Vaults:4 | Identified the +6 arbalest of Veosestomae {venom, rC+ Str-3
                  | Int+4} (You bought it in a shop on level 4 of the Vaults)
 48737 | Vaults:4 | HP: 2/165 [ironbound frostheart (17)]
 48871 | Vaults:4 | Reached XP level 22. HP: 145/171 MP: 0/0
 49808 | Crypt:1  | Entered Level 1 of the Crypt
 50336 | Elf:1    | Entered Level 1 of the Elven Halls
 50533 | Depths:1 | Entered Level 1 of the Depths
 50911 | Depths:2 | Found a hide-covered altar of Uskayaw.
 51252 | Depths:1 | Found a gateway to Hell.
 51313 | Depths:1 | Gained mutation: You are weak. (Str -2) [mutagenic glow]
 51327 | Depths:1 | Lost mutation: You are weak. (Str -2) [potion of mutation]
 51327 | Depths:1 | Gained mutation: Your spells are a little harder to cast,
                  | but a little more powerful. [potion of mutation]
 51327 | Depths:1 | Gained mutation: You are dopey. (Int -2) [potion of
                  | mutation]
 51327 | Depths:1 | Gained mutation: You are very dopey. (Int -4) [potion of
                  | mutation]
 51391 | Depths:1 | Found Kagoubb's Magic Scroll Shoppe.
 51391 | Depths:1 | Found Decwa's Armour Emporium.
 51496 | Depths:1 | Found Zoxo's Antique Weapon Shoppe.
 51661 | Depths:1 | Bought a scroll of teleportation for 63 gold pieces
 52055 | Depths:2 | Identified the ring of Teyhopu Fior {rElec Dex+2 SInv}
 52193 | Depths:2 | Found a one-way gate leading to the halls of Pandemonium.
 52566 | Depths:2 | Found a one-way gateway to a ziggurat.
 52722 | Depths:2 | Found a portal to a secret trove of treasure.
 52961 | Depths:3 | Reached skill level 19 in Fighting
 52984 | Depths:3 | Noticed Louise
 52985 | Depths:3 | Banished Louise
 53032 | Depths:4 | Entered Level 4 of the Depths
 53316 | Depths:3 | Reached XP level 23. HP: 78/178 MP: 0/0
 53316 | Depths:3 | Learned a level 8 spell: Disjunction
 53634 | Depths:2 | Lost mutation: You are very dopey. (Int -4) [potion of
                  | mutation]
 53634 | Depths:2 | Lost mutation: Your spells are a little harder to cast, but
                  | a little more powerful. [potion of mutation]
 53634 | Depths:2 | Lost mutation: You are dopey. (Int -2) [potion of mutation]
 53634 | Depths:2 | Gained mutation: Your spells are a little easier to cast,
                  | but a little less powerful. [potion of mutation]
 53853 | Depths:3 | Mangled by a spriggan defender

Illustrated notes

.#..## ♣...♣♣ ♣...♣♣.♣♣
..#..♣♣♣ ♣♣....♣ ♣♣.♣♣♣..♣
.......♣ ♣.....♣ ♣♣..♣ ♣♣.♣
.......♣♣♣...÷.♣ *..♣♣ ♣♣.♣
........♣♣...÷♣♣♣♣*♣.♣*♣♣..♣
........♣♣÷♣..♣♣.♣ ♣..*♣..?♣
P.P#....♣♣♣♣..♣♣.♣♣♣..♣♣..♣♣
.P....##♣♣♣♣.....)♣*♣.....♣
...#..###.♣♣♣...@|♣♣♣♣)...♣
......##..♣ ♣♣♣...∩♣♣♣...♣♣
..........♣ ♣.÷..♣♣....♣
........♣♣♣ ♣...♣♣♣...♣♣
........♣♣ ♣♣♣♣♣♣.♣♣♣...♣
.P.......♣ ♣.♣ ♣♣♣♣...♣♣
..P.#....♣♣♣.♣♣♣♣♣♣♣..♣♣
.........♣♣.....[♣♣...♣
....#....♣♣.....♣♣♣†.♣♣


Turn 31528 on Lair:5: my patron...

Levels and vault maps discovered:
D:1:      lightli_molten_gateway, layout_basic, basic_ecumenical_altar,
          item_on_display_a
D:2:      layout_rooms, uniq_terence
D:3:      layout_rooms, mainiacjoe_overflow_alcove_1, ashenzari_altar_1,
          chequers_avenue, uniq_robin, uniq_crazy_yiuf_cottage
D:4:      layout_loops_cross, mainiacjoe_overflow_boulevard,
          grunt_dithmenos_smoke, serial_shops, kennysheep_mini_moat,
          uniq_eustachio, uniq_menkaure
D:5:      layout_basic, old_standard_altar, minmay_temple_entry_enclosed_plants,
          kennysheep_generic_room_15, uniq_blork_the_orc
D:6:      layout_rooms, nicolae_elyvilon_peaceful_grove, general_overflow_altar,
          uniq_maggie
D:7:      layout_gridville, trog_book,
          chequers_temple_overflow_statue_of_worship, serial_bayou_pond_e,
          uniq_duvessa
D:8:      layout_gridville, grunt_gozag_statues, serial_shops,
          nicolae_diamond_shop
D:9:      layout_roguey, zin_angel, mainiacjoe_overflow_six_doors_small,
          enter_bailey_2, serial_corexii_hall, chequers_hall_statues_corner_a,
          corexii_hall_statues_t, serial_shops,
          nicolae_shop_bloodbath_and_beyond, shop, nicolae_take_the_stairs,
          nicolae_shop_stone, ebering_ghost_funeral_grove
D:10:     lemuel_castle_with_subvaults [lemuel_castle_interior_carwin_1],
          layout_irregular_city, uniq_snorg, uniq_joseph, uniq_gastronok,
          uniq_nergalle, uniq_maurice
D:11:     layout_loops_ring, minmay_lair_entry_grove, gammafunk_ghost_icy
D:12:     layout_cave_pools, minmay_orc_entry_temple_small,
          kennysheep_nondescript
D:13:     layout_gridville, serial_shops, nicolae_shop_advertising_works
          [nicolae_subvault_shop_adworks], uniq_nessos
D:14:     layout_loops_ring, david_vaults_5, tso_metal_star
D:15:     grunt_enter_depths_magical_seal, layout_long_grid, bloody_makhleb,
          roderic_roman_lattice, minmay_misc_feat_room, uniq_azrael,
          uniq_josephine
Temple:   corrupted_temple
Lair:1:   layout_layer_cave, kennysheep_rathole
Lair:2:   layout_layer_cave, minmay_shoals_entry_beasts,
          guppyfry_snake_entry_garden, lemuel_fruit_tree,
          infiniplex_staircase_pool, serial_bayou_shore_b, serial_bayou_shore_b
Lair:3:   layout_roguey, grunt_megastairs_2
Lair:4:   layout_cave_pods, minmay_slime_entry_pillars,
          cheibrodos_lair_caveside_slide, st_stairs_13, pond, grunt_megastairs_3
Lair:5:   hellmonk_lair_end_abyssal_woods, layout_gridlike,
          portal_ice_cave_entry_ice_simulacra, nicolae_lair_lakeside_cave
Shoals:1: cheibrodos_shoals_gigantism, layout_shoals
Shoals:2: layout_shoals, serial_shops, shop, nicolae_shoals_circle_sea_wall
Shoals:3: layout_shoals
Shoals:4: shoals_end_grunt_ice, layout_shoals
Snake:1:  layout_layer_cave, serial_shops, nicolae_shop_crystal,
          minmay_shop_grove, grunt_megastairs_5
Snake:2:  layout_grid_maze, nicolae_stop_n_shop_1, serial_bayou_shore_b,
          serial_bayou_shore_a
Snake:3:  layout_concentric_octagons, serial_bayou_shore_b, grunt_megastairs_4
Snake:4:  grunt_snake_rune_serpentine_throne, layout_onion, grunt_ministairs_1,
          serial_bayou_pond_e, drop_trap, nicolae_snake_ghostly_warrior_ritual,
          uniq_aizul, uniq_donald, uniq_nikola, uniq_saint_roka, uniq_mlioglotl
Orc:1:    layout_caves, library_closet
Orc:2:    st_orc_rangers, layout_caves, basic_altar, mines3_lemuel
Elf:1:    minmay_elf_arrival_circle, layout_geoelf_octagon, serial_shops, shop,
          kennysheep_underground_church, chequers_big_river, minmay_shoptagon
Vaults:1: nicolae_vaults_network_barrier, vaults_dpeg_diagonal,
          ontoclasm_vaults_gateway, special_room_vaults [special_room_orc],
          vaults_mumra_minichess, layout_vaults_omnigrid
Vaults:2: ontoclasm_vaults_ring_square, nicolae_vaults_yaktaur_gun_rack,
          st_lattice, vaults_room_corners, nicolae_vaults_hallways_thing,
          nicolae_vaults_mini_display_case, nicolae_vaults_little_squares_5,
          hangedman_vaults_slither, grunt_vaults_hallway_short,
          layout_vaults_big_cross, uniq_margery
Vaults:3: v_misc_30, v_rooms_5, minmay_crypt_entry_nasty_monster, v_misc_29,
          hangedman_vaults_slice, ontoclasm_vaults_decontamination, v_misc_2,
          ontoclasm_vaults_loading_screen, vaults_room_stairs_pillars,
          nicolae_vaults_three_branches, layout_vaults_chaotic_city,
          serial_shops, nicolae_shop_window_shopping
Vaults:4: vaults_room_pool, st_diamondy, nicolae_vaults_network_s,
          nicolae_vaults_sealed_display, v_misc_30, v_alt_pattern_4, v_misc_14,
          v_misc_33, grunt_vaults_swirl, v_pattern_1, vaults_room_hallway,
          serial_ice_g, ontoclasm_vaults_bender, vaults_room_door_ring,
          v_misc_15, vaults_mumra_lcd, layout_vaults_omnibox, serial_shops, shop
Crypt:1:  layout_catacombs, special_room [special_room_morgue], st_stairs_4,
          serial_sigils_hangedman_leer, grunt_ministairs_15,
          lemuel_upstairs_altar, grunt_crypt_arrival_split, uniq_josephina
Depths:1: layout_honeycomb, hangedman_decor_push, hell_entry,
          kilobyte_mutagenic_chamber, serial_bayou_shore_b, minmay_shop_star
Depths:2: nicolae_cairo_tiling_large_dashed, layout_gridlike, enter_ziggurat_a,
          nicolae_uskayaw_murder_on_the_dancefloor, hell_entry,
          nicolae_trove_entry_crystal, rand_demon_pan_entry_8,
          grunt_ministairs_5, kennysheep_just_a_vault
Depths:3: minmay_ornate_pinched, layout_gridville, serial_rivers,
          chequers_serial_rivers_micro_c, chequers_serial_rivers_micro_c,
          chequers_serial_rivers_large_b, chequers_serial_rivers_small_b,
          chequers_serial_rivers_small_b, chequers_serial_rivers_room_a,
          nicolae_abyss_entry_one_way_or_another, grunt_metal_band,
          corexii_hall_statues_i, drop_trap, nicolae_shop_firing_range
Depths:4: evilmike_zot_entry_argh, layout_basic, good_gods_mini_temple,
          grunt_hell_entry_dis_mu, rand_demon_pan_entry_1, serial_shops,
          bzr_in_the_mist, nicolae_barding_shop

Skill      XL: |  1  2  3  4  5  6  7  8  9 10 11 12 13 14 15 16 17 18 19 20 21 22 23 |
---------------+----------------------------------------------------------------------+-----
Spellcasting   | 1 2 3 4 6 7 8 9 10 11 12 14 16 17 | 17.3
Ranged Weapons | 4 5 7 8 11 12 13 14 15 16 17 18 | 18.0
Dodging        | 3 4 10 11 12 | 12.5
Evocations     | 2 6 |  6.0
Fighting       | 4 6 7 8 11 13 14 16 18 19 | 19.1
Invocations    | 4 5 7 9 10 11 12 13 | 13.0
Throwing       | 3 |  3.0
Armour         | 4 5 6 |  6.3
Stealth        | |  0.7

Action                   |  1- 3 |  4- 6 |  7- 9 | 10-12 | 13-15 | 16-18 | 19-21 | 22-24 || total
-------------------------+-------+-------+-------+-------+-------+-------+-------+-------++-------
Melee: Whip              |    17 |    20 |    26 |       |       |       |       |       ||    63
       Punch             |     1 |       |       |       |       |       |       |       ||     1
       Shortbow          |       |       |     4 |       |     1 |       |       |       ||     5
       Halberd           |       |       |       |     2 |       |       |       |       ||     2
 Fire: Shortbow          |    67 |   116 |   221 |   369 |   823 |       |       |       ||  1596
       Arbalest          |       |       |       |       |   237 |  1021 |   925 |   335 ||  2518
Throw: Dart              |       |     7 |    13 |    26 |       |       |       |       ||    46
       Throwing net      |       |       |       |     1 |       |       |       |       ||     1
 Cast: Freeze            |     1 |    33 |    79 |     7 |    16 |       |       |       ||   136
       Stone Arrow       |       |       |    26 |   165 |    52 |     7 |       |       ||   250
       Leda's Liquefacti |       |       |     4 |     9 |     5 |    11 |     4 |     3 ||    36
       Summon Ice Beast  |       |       |       |    23 |    57 |    10 |     6 |       ||    96
       Summon Mana Viper |       |       |       |       |    85 |    55 |    61 |    11 ||   212
       Summon Cactus Gia |       |       |       |       |       |    40 |    39 |     9 ||    88
       Iron Shot         |       |       |       |       |       |     4 |       |       ||     4
       Malign Gateway    |       |       |       |       |       |       |    26 |    20 ||    46
       Haunt             |       |       |       |       |       |       |     2 |     9 ||    11
Invok: Bend Space        |       |       |       |    30 |    65 |   128 |    47 |    14 ||   284
       Corrupt           |       |       |       |       |       |       |     1 |       ||     1
       Banish            |       |       |       |       |       |       |       |     1 ||     1
Evoke: Wand              |       |     2 |    19 |    23 |    34 |     3 |    14 |     8 ||   103
       Phial of floods   |       |       |       |       |       |     1 |     2 |       ||     3
  Use: Scroll            |     2 |     4 |     5 |     6 |    20 |    10 |    10 |    12 ||    69
       Potion            |     1 |       |     1 |       |     5 |     4 |     6 |     8 ||    25
Armor: Leather armour    |     8 |    18 |    51 |    15 |   132 |   119 |   100 |    34 ||   477
       Steam dragon scal |       |       |    51 |    17 |       |       |       |       ||    68
       Ice dragon scales |       |       |       |       |       |       |       |    19 ||    19
Dodge: Dodged            |    31 |    63 |   265 |   173 |   563 |   785 |   634 |   197 ||  2711
